[Event "Live Chess"]
[Site "Chess.com"]
[Date "2023.05.21"]
[Round "-"]
[White "JoeyCage"]
[Black "GwaryTek"]
[Result "0-1"]
[WhiteElo "2289"]
[BlackElo "2065"]
[TimeControl "300"]
[EndTime "4:17:33 PDT"]
[Termination "GwaryTek won by checkmate"]

1. e4 Nf6 2. e5 Nd5 3. Qf3 c6 4. Bc4 g6 5. Bxd5 cxd5 6. Qxd5 Bg7 7. Nf3 O-O 8. O-O Nc6 9. d4 b6 10. Qe4 Bb7 11. Qe2 Nb4 12. Na3 Rc8 13. Rd1 Bxf3 14. gxf3 f6 15. c3 Nd5 16. f4 e6 17. Nc4 fxe5 18.
fxe5 Qh4 19. Nd6 Rxf2 20. Qxf2 Qg4+ 21. Kf1 Qxd1+ 22. Kg2 Rf8 23. Qg3 Qe2+ 24. Kh3 Rf3 25. Bg5 Rxg3+ 26. hxg3 Qh5+ 27. Bh4 g5 28. Rf1 gxh4 29.
g4 Qg5 30. Nf7 Qe3+ 31. Kxh4 Qe2 32. Rh1 Kxf7 33. Kg3 Kg6 34. Rh2 Qe3+ 35. Kh4 Bh6 36. g5 Bxg5+ 37. Kg4 Qf4+ 38. Kh3 Ne3 39. Rd2 Qh4# 0-1

[Event "Live Chess"]
[Site "Chess.com"]
[Date "2023.05.21"]
[Round "-"]
[White "ItsNot_Jasper"]
[Black "MarkLim1"]
[Result "0-1"]
[WhiteElo "1392"]
[BlackElo "1696"]
[TimeControl "300"]
[EndTime "4:17:33 PDT"]
[Termination "MarkLim1 won by resignation"]

1. d4 Nf6 2. c4 e6 3. Nc3 d5 4. Nf3 c5 5. e3 a6 6. cxd5 Nxd5 7. Nxd5 Qxd5 8. Be2 cxd4 9. Qxd4 Qxd4 10. Nxd4 Bb4+ 11.
Bd2 Bxd2+ 12. Kxd2 O-O 13. Rac1 Rd8 14. Ke1 Nd7 15. f3 Nf6 16. Kf2 Bd7 17. Rc7 Rab8 18. Rhc1 Nd5 19. R7c2 Rdc8 20. Rxc8+ Rxc8 21. Rxc8+ Bxc8 22. Bc4 Nb6 23. Bb3 Kf8 24. e4 Ke7 25. Ke3 g6 26. g4 e5 27. Ne2 f6 28. Kf2 Kd6 29.
Nc3 Bd7 30. Nd5 Nxd5 31. Bxd5 b6 32. h4 a5 33. h5 g5 34. h6 Be6 35. Bxe6 Kxe6 36.
Ke3 Kd6 37. Kd3 Kc5 38. Kc3 a4 39. b3 Kb5 40. a3 axb3 41. Kxb3 Kc5 42. Kc3 Kb5 43.
Kb3 Ka5 44. Kc4 Ka4 45. Kd5 Kxa3 46. Kc6 Kb3 47. Kxb6 Kc4 48. Kc6 Kd3 49. Kd6 Ke3 50.
Ke6 Kxf3 51. Kxf6 Kxg4 52. Kg7 Kf4 53. Kxh7 g4 54. Kg7 g3 55. h7 g2 56. h8=Q g1=Q+ 57. Kf8 Qc5+ 58. Kg8 Qc8+ 59. Kg7 Qxh8+ 60. Kxh8 Kxe4 61.
Kg7 Kf3 62. Kg6 e4 0-1

[Event "Live Chess"]
[Site "Chess.com"]
[Date "2023.05.21"]
[Round "-"]
[White "Missedidea"]
[Black "Nakula1000"]
[Result "0-1"]
[WhiteElo "1830"]
[BlackElo "533"]
[TimeControl "300"]
[EndTime "4:17:39 PDT"]
[Termination "Nakula1000 won by resignation"]

1. d4 Nf6 2. c4 e6 3. Nc3 d5 4.
Bg5 c6 5. e3 Nbd7 6. Nf3 Bb4 7.
Qc2 h6 8. Bh4 Qa5 9. Nd2 b6 10.
cxd5 cxd5 11. Bd3 Ba6 12. O-O Bxc3 13. bxc3 Bxd3 14. Qxd3 Qa3 15. Rfb1 O-O 16. Rb3 Qa4 17. c4 Rac8 18. cxd5 Nxd5 19. h3 a5 20. Ne4 Qc6 21.
Bg3 Nb4 22. Qb1 Nc2 23. Nd6 Rc7 24. e4 Nxa1 25. Qxa1 Qc1+ 26. Qxc1 Rxc1+ 27. Kh2 Rd1 28. Nb5 Rd2 29. a4 Rc8 30. Bc7 Ra2 31. d5 exd5 32. exd5 Rxa4 33. d6 Rb4 34. Rxb4 axb4 35. Na7 Re8 36. Nc6 b3 37. Ne7+ Kh7 38. Nd5 b2 39.
Nc3 Re1 40. Kg3 Rc1 41. Ne2 Rc2 42. Nd4 Rc3+ 0-1

[Event "Live Chess"]
[Site "Chess.com"]
[Date "2023.05.21"]
[Round "-"]
[White "YrrriKharkiv"]
[Black "FlorinHristea"]
[Result "1-0"]
[WhiteElo "2064"]
[BlackElo "1815"]
[TimeControl "300"]
[EndTime "4:17:54 PDT"]
[Termination "YrrriKharkiv won by resignation"]

1. d4 d5 2. Nf3 Nc6 3. c4 Bg4 4. e3 Nf6 5. Nc3 e6 6. Qb3 Rb8 7.
cxd5 Nxd5 8. e4 Nxc3 9. bxc3 Be7 10. Be2 O-O 11. Be3 b6 12. Rd1 Bh5 13. Qa4 Bg6 14.
Qxc6 a5 15. Ne5 1-0

[Event "Live Chess"]
[Site "Chess.com"]
[Date "2023.05.21"]
[Round "-"]
[White "manthanit"]
[Black "ZackirtyChess"]
[Result "0-1"]
[WhiteElo "1080"]
[BlackElo "1189"]
[TimeControl "300"]
[EndTime "4:18:08 PDT"]
[Termination "ZackirtyChess won by resignation"]

1. e4 e5 2. Nf3 Nf6 3. Nc3 Nc6 4.
h3 d5 5. exd5 Nxd5 6. Nxd5 Qxd5 7.
b3 e4 8. Ng1 Bc5 9. Bb2 O-O 10.
Be2 Bf5 11. h4 h6 12. Nh3 Rad8 13. Bc3 Bd4 14. O-O Bxc3 15. dxc3 Qxd1 16. Raxd1 e3 17.
fxe3 Bxc2 18. Rxd8 Rxd8 19. Bh5 g6 20. Be2 Rd2 21.
Bc4 Be4 22. Bxf7+ Kg7 23. Nf2 Bd5 24. Be6 Bxe6 25. Ne4 Rxa2 26. Nf6 Bxb3 27. Ne8+ Kg8 28. Nxc7 Bc2 29. Ne6 Bf5 30. Nf4 g5 31. Nh5 Bd3 32. Nf6+ Kg7 33. Nd7 Bxf1 34. Kxf1 Ne5 0-1

[Event "Live Chess"]
[Site "Chess.com"]
[Date "2023.05.21"]
[Round "-"]
[White "CheckThis4"]
[Black "vovanada"]
[Result "1-0"]
[WhiteElo "2506"]
[BlackElo "825"]
[TimeControl "300"]
[EndTime "4:18:22 PDT"]
[Termination "CheckThis4 won by resignation"]

1. d4 d5 2. Nc3 Nf6 3. Bg5 h6 4. Bh4 Bf5 5. f3 e6 6. e4 dxe4 7. fxe4 Bg6 8. e5 Be7 9. exf6 Bxf6 10. Bxf6 Qxf6 11. Nf3 O-O 12. Bd3 Bxd3 13. Qxd3 Nc6 14. O-O Rad8 15. Rad1 a5 16. Ne4 Qf5 17. Nc5 b6 18.
Qxf5 exf5 19. Nb3 Nb4 20. c3 Nc2 21. Rd3 a4 22. Na1 a3 23. Nxc2 axb2 24. Rb1 Rd7 25. Rxb2 Re8 26. Kf2 Rde7 27. Ne3 f4 28. Nd5 Re6 29.
Nxf4 Rf6 30. Re2 Rxe2+ 31. Nxe2 1-0

[Event "Live Chess"]
[Site "Chess.com"]
[Date "2023.05.21"]
[Round "-"]
[White "GMMickeyAdams"]
[Black "domrobson"]
[Result "1-0"]
[WhiteElo "2796"]
[BlackElo "1712"]
[TimeControl "300"]
[EndTime "4:18:23 PDT"]
[Termination "GMMickeyAdams won by resignation"]

1. e4 e5 2. Nf3 Nc6 3. Bb5 a6 4. Ba4 Nf6 5. d3 d6 6. O-O Be7 7. c4 Bg4 8. h3 Bxf3 9. Qxf3 O-O 10. Be3 Nd7 11. Bxc6 bxc6 12. Qg4 Nf6 13. Qe2 c5 14.
Nc3 c6 15. Kh1 Nd7 16. Qg4 Nf6 17. Qg3 Kh8 18. Rae1 Ng8 19. Qg4 Nf6 20. Qd1 Ng8 21.
f4 f6 22. Ne2 Qe8 23. Ng3 Nh6 24. fxe5 fxe5 25. Bxh6 gxh6 26. Nf5 Rf6 27. Rf3 Rg6 28. Ref1 Qd7 29. Qd2 Bg5 30. Qf2 Rag8 31. g3 Qe6 32. h4 Be7 33. Kh2 Qd7 34. b3 Bd8 35. Qe3 h5 36. Qe2 Qe6 37. Re3 Rg4 38. Ref3 Be7 39. R1f2 Qd7 40. Rg2 Qe6 41. Ne3 Bf6 42.
Nxg4 hxg4 43. Rf5 Be7 44. Rgf2 Qg6 45. h5 Qe8 46. Rf7 Rf8 47. Rxf8+ Qxf8 48. Rxf8+ 1-0

[Event "Live Chess"]
[Site "Chess.com"]
[Date "2023.05.21"]
[Round "-"]
[White "defenderalist"]
[Black "WilliWeisswurst"]
[Result "0-1"]
[WhiteElo "1651"]
[BlackElo "1775"]
[TimeControl "300"]
[EndTime "4:18:23 PDT"]
[Termination "WilliWeisswurst won by resignation"]

1. e4 c5 2. Nf3 d6 3. d4 cxd4 4. Nxd4 Nf6 5. Nc3 a6 6. g3 e6 7. Bg2 Be7 8. O-O O-O 9. b3 Bd7 10. Bb2 Nc6 11. Nde2 Rc8 12. f4 b5 13. f5 exf5 14. exf5 Ng4 15. Nd4 Ne3 16. Nxc6 Bxc6 17. Qd4 Nxc2 18. Qg4 Ne3 19. Qd4 Bxg2 20. Ne4 f6 21.
Qxe3 Bxf1 22. Rxf1 d5 23. Nf2 Bc5 24. Qd3 Re8 25.
Kg2 Bxf2 26. Rxf2 Qd6 27. g4 Re4 28. h3 Rce8 29. g5 Re3 30. Qd4 Qg3+ 31. Kf1 Qxh3+ 0-1

[Event "Live Chess"]
[Site "Chess.com"]
[Date "2023.05.21"]
[Round "-"]
[White "Conradical12"]
[Black "viktorskliarov"]
[Result "0-1"]
[WhiteElo "1565"]
[BlackElo "2653"]
[TimeControl "300"]
[EndTime "4:18:30 PDT"]
[Termination "viktorskliarov won by resignation"]

1. e4 c5 2. d4 cxd4 3. c3 Nf6 4. e5 Nd5 5. cxd4 d6 6. Nf3 Nc6 7. Bb5 Qa5+ 8. Nc3 Nxc3 9. bxc3 Qxb5 10. Be3 e6 11. Rb1 Qa6 12. Ng5 Be7 13. Qh5 Bxg5 14. Bxg5 dxe5 15. dxe5 Bd7 16. Rd1 Nxe5 17. Bd8 Nd3+ 0-1

[Event "Live Chess"]
[Site "Chess.com"]
[Date "2023.05.21"]
[Round "-"]
[White "LiamBellwood"]
[Black "Doge_Dandolo"]
[Result "0-1"]
[WhiteElo "1900"]
[BlackElo "1888"]
[TimeControl "300"]
[EndTime "4:18:43 PDT"]
[Termination "Doge_Dandolo won on time"]

1. d4 d5 2. Nc3 Nf6 3. Bf4 c6 4. e3 Bf5 5. f3 h5 6. Bd3 Bxd3 7. Qxd3 e6 8. Nge2 Nbd7 9. O-O-O Nb6 10. e4 Be7 11.
Kb1 h4 12. g3 Nh5 13. Be3 Qc7 14. e5 g6 15. g4 Ng7 16. f4 O-O-O 17. Ng1 Kb8 18.
Nf3 Nc4 19. Bc1 Qb6 20. Na4 Qb5 21. Qb3 Qxb3 22. axb3 Nb6 23. Nxb6 axb6 24. c4 dxc4 25. bxc4 c5 26. d5 exd5 27. cxd5 Rd7 28. d6 Bd8 29. Nd2 Ne6 30. Ne4 Nd4 31. Be3 Nc6 32. Nc3 g5 33.
Nd5 gxf4 34. Bxf4 h3 35. Rhe1 Rg8 36. g5 Nd4 37. Nf6 Bxf6 38. exf6 Ne6 39. Rxe6 fxe6 40.
f7 Rxf7 41. d7+ Rxf4 42. d8=Q+ Rxd8 43. Rxd8+ Kc7 44. Rh8 Rg4 45. Rxh3 Rxg5 46. Rh7+ Kc6 47. h4 Rg2 48. h5 Rh2 49. h6 e5 50. Rh8 Kb5 51.
Ka2 e4 52. Re8 Rxh6 53. Rxe4 Rh3 54. b3 Ka5 55. Ka3 b5 56. Re5 b6 57. Re7 b4+ 58.
Kb2 Rh2+ 59. Kc1 b5 60. Re5 Kb6 61. Re6+ Kb7 62. Re5 Kc6 63. Re6+ Kd5 64. Rg6 c4 65. Rg5+ Kd4 66. Rg4+ Kc3 67. Rg3+ Kd4 68. Rg4+ Kc5 69. Rg5+ Kb6 70. Rg6+ Ka5 71. bxc4 bxc4 72. Rg4 Kb5 73.
Rg5+ Ka4 74. Rg4 Kb3 75. Rg5 c3 76. Kd1 Rd2+ 77. Ke1 Rb2 78. Rb5 c2 79. Rc5 Rb1+ 80.
Kd2 c1=Q+ 81. Rxc1 Rxc1 82. Kxc1 Ka2 83. Kc2 b3+ 84. Kd3 b2 85. Kd4 b1=Q 86. Kd5 Qd3+ 87.
Kc6 Kb3 0-1

[Event "Live Chess"]
[Site "Chess.com"]
[Date "2023.05.21"]
[Round "-"]
[White "PiotrD11"]
[Black "Misha145Chess"]
[Result "1-0"]
[WhiteElo "1370"]
[BlackElo "621"]
[TimeControl "300"]
[EndTime "4:18:51 PDT"]
[Termination "PiotrD11 won on time"]

1. e4 e5 2. Nf3 Nc6 3. Bb5 a6 4.
Ba4 Nf6 5. O-O Bb4 6. Re1 O-O 7. c3 Ba5 8. d3 Bb6 9. Bb3 Ng4 10. d4 h6 11. h3 Nf6 12. a4 d6 13. Bc2 Ne8 14.
Be3 Be6 15. Nbd2 Nf6 16. d5 Bxd5 17. exd5 Nxd5 18. Bxb6 Nxb6 19. b4 Re8 20. a5 Nd5 21. Bb3 Nxc3 22. Qc2 Nb5 23. Ne4 d5 24. Nc5 e4 25. Nxb7 Ncd4 26. Nxd4 Nxd4 27. Qb2 Qf6 28. Rad1 Nxb3 29. Qxb3 d4 30. Nc5 Re5 31. Nd7 Qg5 32.
Nxe5 Qxe5 33. Qc4 e3 34. fxe3 dxe3 35. Rd5 Qg3 36. Qe2 1-0

[Event "Live Chess"]
[Site "Chess.com"]
[Date "2023.05.21"]
[Round "-"]
[White "friarnator"]
[Black "Duke_of_Bebington"]
[Result "1-0"]
[WhiteElo "1997"]
[BlackElo "1580"]
[TimeControl "300"]
[EndTime "4:19:00 PDT"]
[Termination "friarnator won by resignation"]

1. e4 e5 2. d4 exd4 3. Nf3 Nc6 4.
Bc4 d6 5. c3 dxc3 6. O-O Nf6 7.
Ng5 Ne5 8. Qb3 Qe7 9. Nxc3 h6 10. Nf3 Nxf3+ 11. gxf3 Nd7 12. Nd5 Qd8 13. Nf4 Ne5 14.
Be3 Nxf3+ 15. Kh1 Ne5 16. Nd3 Nxc4 17. Qxc4 Be6 18. Qb5+ Bd7 19. Qxb7 Be7 20. Rac1 c5 21. e5 dxe5 22. Nxe5 Qc8 23. Qxd7+ Qxd7 24. Nxd7 Kxd7 25.
Bxc5 Bxc5 26. Rxc5 Rhb8 27. Rd1+ Ke8 28. b3 Rb7 29.
Rdc1 Kd8 30. Rd5+ Rd7 31. Rdc5 Rd2 32. R1c2 Rxc2 33. Rxc2 Rc8 34. Rxc8+ Kxc8 35. Kg2 Kc7 36. Kf3 Kb6 37. Ke4 Kb5 38. a3 a5 39. Kd5 Kb6 40.
Kd6 Kb5 41. Ke7 f6 42. Kf7 Kc5 43. Kxg7 Kd4 44. Kxf6 Kc3 45. b4 axb4 46. axb4 Kxb4 47.
f4 Kc4 48. Kg6 Kd4 49. f5 Kd5 50. Kxh6 Ke5 51. Kg6 Kd6 52. f6 Ke6 53. f7 Ke7 54. Kg7 Kd7 55. f8=Q Kc6 56. Qd8 1-0

[Event "Live Chess"]
[Site "Chess.com"]
[Date "2023.05.21"]
[Round "-"]
[White "WelshTiger"]
[Black "Greenbecker"]
[Result "1/2-1/2"]
[WhiteElo "2311"]
[BlackElo "1675"]
[TimeControl "300"]
[EndTime "4:19:00 PDT"]
[Termination "Game drawn by repetition"]

1. e4 e6 2. d4 d5 3. Nd2 dxe4 4. Nxe4 Bd7 5. Nf3 Bc6 6. Ng3 Nd7 7. Bd3 Ngf6 8. O-O Bxf3 9. Qxf3 c6 10. c3 Be7 11.
Re1 O-O 12. Ne4 Nxe4 13. Qxe4 Nf6 14. Qe2 Re8 15. Bg5 Qd5 16. Bh4 Qh5 17. Bg3 Qxe2 18. Rxe2 Rad8 19. Rae1 Nd5 20. Bb1 Bd6 21. Be5 Bxe5 22.
Rxe5 b5 23. g3 Nb6 24. b3 Nd5 25. Rc1 a5 26. Be4 f6 27. Rh5 g6 28. Rh4 f5 29.
Bxd5 cxd5 30. Rf4 Rc8 31. Rf3 Rc7 32. Kf1 Rec8 33. Ke2 b4 34. Kd2 Kg7 35. Re3 Kf6 36. f4 h6 37. Ree1 Rxc3 38. Rxc3 Rxc3 39. Re2 g5 40. Re3 Rxe3 41. Kxe3 g4 42. Kd3 Ke7 43. Ke3 Kd6 44. Kd3 Kc6 45. Ke3 Kb5 46. Kd3 a4 47. Ke3 a3 48. Kd3 Ka5 49. Ke3 Kb5 50. Ke2 Ka5 51. Kd2 Kb5 52. Ke1 Ka5 53. Kf1 Kb5 54. Kg2 Kc6 55. h3 h5 56. h4 Kb5 57.
Kf2 Kc6 58. Ke3 Kb5 59. Kd3 Kc6 60. Kd2 Kb5 61. Kc1 Kc6 62. Kb1 Kb5 63. Ka1 Kc6 64. Kb1 Kb5 65. Kc1 Kc6 66. Kd1 Kb5 67. Ke1 Kc6 68.
Kf1 Kb5 69. Kg1 Kc6 70. Kf2 Kb5 71. Ke3 Kc6 72. Kd3 Kb5 73. Kd2 Kc6 74. Ke3 Kb5 75. Kd3 Kc6 76. Kd2 Kb5 77. Ke2 Kc6 78. Kd3 Kb5 79. Kd2 Kc6 80. Kd3 1/2-1/2

[Event "Live Chess"]
[Site "Chess.com"]
[Date "2023.05.21"]
[Round "-"]
[White "OxidisedLizard"]
[Black "ChessTWSS"]
[Result "1-0"]
[WhiteElo "2106"]
[BlackElo "1624"]
[TimeControl "300"]
[EndTime "4:19:09 PDT"]
[Termination "OxidisedLizard won by resignation"]

1. e4 c5 2. Nf3 Nc6 3. d4 cxd4 4. Nxd4 e5 5. Nb5 d6 6. c4 a6 7. N5c3 Nf6 8. Bd3 Be7 9. Nd5 Nxd5 10. exd5 Nd4 11.
O-O O-O 12. Be3 h6 13. Nc3 Bf5 14. Ne2 Bxd3 15. Qxd3 Nxe2+ 16. Qxe2 f5 17. f4 Bf6 18. Rac1 e4 19. b4 a5 20. a3 axb4 21. axb4 Ra4 22. Qd2 Bh4 23. c5 dxc5 24. bxc5 Qa8 25. d6 Ra2 26.
Rc2 Rxc2 27. Qxc2 Qa7 28. g3 Ra8 29. gxh4 Qa2 30. Qxa2+ Rxa2 31. d7 Ra8 32. Rd1 Rd8 33. c6 bxc6 34. Bb6 Rb8 35. d8=Q+ Rxd8 36. Rxd8+ Kh7 37.
Rc8 g5 38. hxg5 hxg5 39. fxg5 Kg6 40. Rxc6+ Kxg5 41. Kf2 Kf4 42. Bc7+ Kg4 43. Ke3 Kg5 44. Bf4+ Kg4 45. Rg6+ Kh3 46. Rg5 Kh4 47. Rxf5 Kh3 48.
Kxe4 Kg4 49. Rg5+ Kh4 50. Rg3 Kh5 51. Bg5 Kg6 52. Kf4 Kf7 53. Bd8 Ke6 54. h4 Kd5 55. h5 Kc4 56. h6 Kd5 57. h7 Ke6 58. h8=Q Kd5 59. Qe5+ Kc6 60. Rc3+ 1-0

[Event "Live Chess"]
[Site "Chess.com"]
[Date "2023.05.21"]
[Round "-"]
[White "gmnorfolk"]
[Black "McSlash1"]
[Result "0-1"]
[WhiteElo "2104"]
[BlackElo "2013"]
[TimeControl "300"]
[EndTime "4:19:11 PDT"]
[Termination "McSlash1 won by checkmate"]

1. d4 Nf6 2. c4 g6 3. Nc3 d5 4.
cxd5 Nxd5 5. e4 Nxc3 6. bxc3 Bg7 7. Bc4 O-O 8. Ne2 c5 9. Be3 cxd4 10. cxd4 Nc6 11.
O-O Na5 12. Bd3 Be6 13. Rc1 Bxa2 14. Qa4 Bb3 15. Qa3 Be6 16. d5 Bd7 17. Rfd1 b6 18. Nd4 Rc8 19. Ba6 Rxc1 20. Rxc1 Qb8 21. Qxe7 Bc8 22.
Bxc8 Rxc8 23. Rxc8+ Qxc8 24. Nc6 Nxc6 25. dxc6 Qxc6 26.
Qd8+ Bf8 27. Bh6 Qd6 28. Qa8 Qd1# 0-1

[Event "Live Chess"]
[Site "Chess.com"]
[Date "2023.05.21"]
[Round "-"]
[White "Bunny55"]
[Black "mikeybaby1986"]
[Result "1-0"]
[WhiteElo "1002"]
[BlackElo "1256"]
[TimeControl "300"]
[EndTime "4:19:14 PDT"]
[Termination "Bunny55 won by checkmate"]

1. e4 e5 2. Nf3 Nc6 3. Bb5 a6 4. Ba4 b5 5. Bb3 Nf6 6. d3 Bc5 7. O-O O-O 8. h3 d5 9. exd5 Nxd5 10. Re1 Re8 11. c4 bxc4 12. Bxc4 Be6 13. Bg5 Qd7 14. Nc3 Nxc3 15. bxc3 Bxc4 16. dxc4 Qxd1 17. Raxd1 f6 18. Bh4 Na5 19. Rd7 Bd6 20. c5 Bxc5 21. Rxc7 Rac8 22.
Rxc8 Rxc8 23. Nd2 Rb8 24. Ne4 Ba3 25. Ng3 Nc4 26. Nf5 Rb2 27. Rd1 Rd2 28. Rb1 Bb2 29.
Ne7+ Kf7 30. Nf5 Bxc3 31. Rb7+ Kg6 32. g4 Rxa2 33. Rxg7# 1-0

[Event "Live Chess"]
[Site "Chess.com"]
[Date "2023.05.21"]
[Round "-"]
[White "ranvir123"]
[Black "zdanevych"]
[Result "0-1"]
[WhiteElo "963"]
[BlackElo "1541"]
[TimeControl "300"]
[EndTime "4:19:32 PDT"]
[Termination "zdanevych won by resignation"]

1. e4 c5 2. Nf3 e6 3. d4 d5 4. exd5 exd5 5. Qe2+ Be6 6. Nc3 Nf6 7.
Bg5 Be7 8. O-O-O O-O 9. Re1 c4 10. Bxf6 Bxf6 11. Ne5 Nc6 12. Nxc6 bxc6 13. g3 Bxd4 14.
Rd1 Bxc3 15. bxc3 Qa5 16. Kd2 Qxa2 17. Bg2 Qa3 18. Ra1 Qe7 19. f4 Rfe8 20. Rhe1 Qd7 21. f5 Bxf5 0-1

[Event "Live Chess"]
[Site "Chess.com"]
[Date "2023.05.21"]
[Round "-"]
[White "Ian-Morley"]
[Black "TheSmoulderingMaster"]
[Result "0-1"]
[WhiteElo "1051"]
[BlackElo "1653"]
[TimeControl "300"]
[EndTime "4:19:42 PDT"]
[Termination "TheSmoulderingMaster won by resignation"]

1. e4 c5 2. Nf3 d6 3. Bb5+ Nd7 4. Bxd7+ Bxd7 5. O-O Bc6 6. Re1 Nf6 7. c3 g6 8. d4 cxd4 9. cxd4 Bxe4 10. Ng5 Bxb1 11. Rxb1 Bg7 12. Qa4+ Qd7 13. Qxd7+ Nxd7 14. d5 O-O 15. b3 Nb6 16. Bb2 Bxb2 17. Rxb2 Nxd5 18. Rd1 Nf4 19. g3 Ne6 20. Nxe6 fxe6 21. Re1 Rf6 22.
f4 Raf8 23. Kg2 Kg7 24. b4 d5 25. a4 Rf5 26. Re5 Rxe5 27. fxe5 Rf5 28. Re2 g5 29. g4 Rf4 30. Kg3 Rxb4 31. a5 Ra4 32.
h4 gxh4+ 33. Kxh4 Rxa5 34. Rf2 Ra4 35. Rb2 b6 36. Rc2 Rc4 37. Ra2 a5 38. Rb2 Rb4 39.
Rc2 a4 40. Rc7 Kf7 41. Kh5 a3 42. g5 b5 43. Rc8 a2 44. Ra8 Ra4 45. Rh8 Kg7 46.
g6 Kxh8 47. Kh6 hxg6 48. Kxg6 a1=Q 49. Kf7 Qxe5 50. Kxe7 Ra7+ 0-1

[Event "Live Chess"]
[Site "Chess.com"]
[Date "2023.05.21"]
[Round "-"]
[White "Twickenham2014"]
[Black "RoaringKnights"]
[Result "1-0"]
[WhiteElo "2281"]
[BlackElo "1076"]
[TimeControl "300"]
[EndTime "4:19:47 PDT"]
[Termination "Twickenham2014 won by checkmate"]

1. e4 e5 2. Nf3 Nc6 3. Bb5 a6 4. Ba4 Bc5 5. O-O Nf6 6. Re1 O-O 7. c3 d5 8. exd5 Qxd5 9. Bb3 Qd8 10. d3 Ng4 11.
Be3 Bxe3 12. fxe3 Nf6 13. d4 exd4 14. exd4 Bg4 15. Nbd2 b5 16. h3 Bh5 17. Ne4 Nxe4 18. Rxe4 Re8 19. Qe2 Rxe4 20. Qxe4 h6 21. Qxc6 Bxf3 22.
Qxf3 Qe8 23. Bxf7+ Qxf7 24. Qxa8+ Qf8 25. Qxa6 Kh7 26.
Qxb5 Qd6 27. Qd3+ Kh8 28. Rf1 c6 29. Qf5 Kg8 30. Qc8+ Kh7 31. Rf8 Qe7 32. Qf5+ g6 33. Rf7+ Qxf7 34. Qxf7+ Kh8 35. Qxg6 h5 36. a4 h4 37. a5 c5 38. a6 c4 39. Qf6+ Kh7 40.
a7 Kg8 41. Qe7 Kh8 42. a8=R# 1-0

[Event "Live Chess"]
[Site "Chess.com"]
[Date "2023.05.21"]
[Round "-"]
[White "EdenHazard8"]
[Black "LL220284LL"]
[Result "0-1"]
[WhiteElo "1944"]
[BlackElo "2327"]
[TimeControl "300"]
[EndTime "4:19:56 PDT"]
[Termination "LL220284LL won by resignation"]

1. e4 c5 2. Nc3 g6 3. f4 Bg7 4. Nf3 d6 5. Bb5+ Bd7 6. Bxd7+ Qxd7 7. O-O e6 8. d3 Ne7 9. Qe1 Nbc6 10. Qh4 Nd4 11. f5 exf5 12. exf5 Ndxf5 13. Qe4 d5 14. Qg4 O-O 15. Bg5 Rae8 16. Rae1 h6 17. Bd2 Nc6 18. Nh4 Ncd4 19. Rxe8 Qxe8 20. Nxf5 Nxf5 21. Rxf5 gxf5 22. Qg3 Qe6 0-1

[Event "Live Chess"]
[Site "Chess.com"]
[Date "2023.05.21"]
[Round "-"]
[White "JoshMcK"]
[Black "gmnorfolk"]
[Result "0-1"]
[WhiteElo "1517"]
[BlackElo "2105"]
[TimeControl "300"]
[EndTime "4:20:08 PDT"]
[Termination "gmnorfolk won by resignation"]

1. e4 e5 2. Nf3 Nc6 3. Bb5 a6 4. Ba4 Nf6 5. O-O Be7 6. Re1 b5 7. Bb3 O-O 8. d4 Nxd4 9. Nxd4 exd4 10. Qxd4 c5 11. Qd5 Nxd5 0-1

[Event "Live Chess"]
[Site "Chess.com"]
[Date "2023.05.21"]
[Round "-"]
[White "JoeyCage"]
[Black "FlorinHristea"]
[Result "1-0"]
[WhiteElo "2290"]
[BlackElo "1814"]
[TimeControl "300"]
[EndTime "4:20:20 PDT"]
[Termination "JoeyCage won by resignation"]

1. e4 e5 2. Nf3 Nc6 3. Bb5 Bc5 4.
O-O d6 5. c3 Nf6 6. d4 Bb6 7.
d5 a6 8. Ba4 O-O 9. dxc6 bxc6 10. Bxc6 Rb8 11. Bg5 Bg4 12. h3 Bh5 13. g4 Bg6 14.
Nbd2 Ba7 15. b4 Rb6 16. Bd5 c6 17. Bxf6 Qxf6 18. Bb3 Bb8 19. Qe2 d5 20. Kg2 Qd6 21.
Rad1 Rd8 22. a3 Qc7 23. Ba2 h5 24. Nh4 hxg4 25. hxg4 dxe4 26. Nxe4 Rb5 27. Nxg6 1-0

[Event "Live Chess"]
[Site "Chess.com"]
[Date "2023.05.21"]
[Round "-"]
[White "Biranidun"]
[Black "smoggyrabbit"]
[Result "1-0"]
[WhiteElo "2533"]
[BlackElo "1690"]
[TimeControl "300"]
[EndTime "4:20:22 PDT"]
[Termination "Biranidun won by resignation"]

1. e4 e6 2. d4 d5 3. Nc3 Nf6 4. e5 Be7 5. exf6 Bxf6 6. Nf3 O-O 7.
Bd3 c5 8. dxc5 Nd7 9. h4 Nxc5 10. Bxh7+ Kh8 11. Bd3 Bxc3+ 12. bxc3 Qf6 13. Ng5 Qxc3+ 14.
Kf1 g6 15. Rb1 b6 16. Bb2 1-0

[Event "Live Chess"]
[Site "Chess.com"]
[Date "2023.05.21"]
[Round "-"]
[White "risinghelios"]
[Black "JanMur7"]
[Result "0-1"]
[WhiteElo "1895"]
[BlackElo "1984"]
[TimeControl "300"]
[EndTime "4:20:42 PDT"]
[Termination "JanMur7 won by checkmate"]

1. e4 e5 2. Nf3 Nc6 3. Bb5 Nf6 4.
d3 Ne7 5. c3 c6 6. Ba4 Ng6 7. O-O Be7 8. Bc2 O-O 9. Nbd2 d6 10. Re1 Bg4 11. Nf1 Nh4 12. N1d2 Qd7 13. h3 Nxf3+ 14. Nxf3 Bh5 15. Be3 h6 16. d4 Qc7 17. g4 Bg6 18. Bc1 Rad8 19. Nh4 Bh7 20. f3 Nxe4 21. Bxe4 Bxh4 22. Bxh7+ Kxh7 23. Qd3+ f5 24.
Rf1 Qf7 25. Bd2 Qg6 26. Kh2 fxg4 27. Qxg6+ Kxg6 28. fxg4 exd4 29. cxd4 Rxf1 30. Rxf1 Re8 31. Bc3 d5 32. Kg2 Re2+ 33. Kf3 Re8 34. Kg2 Bf6 35. Kf2 Re4 36. Kf3 Bxd4 37. h4 Bxc3 38. h5+ Kh7 39. bxc3 Rc4 40. Re1 Rxc3+ 41. Kf4 Rc4+ 42.
Kf5 Re4 43. Rxe4 dxe4 44. Kxe4 g6 45. Ke5 gxh5 46. gxh5 Kg7 47. Kd6 Kf6 48. Kc7 c5 49.
Kxb7 c4 50. Kxa7 c3 51. a4 c2 52. a5 c1=Q 53. a6 Qc7+ 54. Ka8 Qa5 55. a7 Kg5 56. Kb7 Qxa7+ 57. Kxa7 Kxh5 58. Kb6 Kg4 59. Kc5 h5 60. Kd4 h4 61. Ke3 Kg3 62. Ke2 Kg2 63.
Ke3 h3 64. Kf4 h2 65. Kg4 h1=Q 66. Kg5 Qe1 67. Kg6 Qe5 68. Kf7 Qd6 69. Kg7 Qe6 70.
Kh8 Qe7 71. Kg8 Kg3 72. Kh8 Kg4 73. Kg8 Kg5 74. Kh8 Kg6 75. Kg8 Qg7# 0-1

[Event "Live Chess"]
[Site "Chess.com"]
[Date "2023.05.21"]
[Round "-"]
[White "matt1979"]
[Black "peter-785"]
[Result "1-0"]
[WhiteElo "1546"]
[BlackElo "1187"]
[TimeControl "300"]
[EndTime "4:20:43 PDT"]
[Termination "matt1979 won by checkmate"]

1. f4 c5 2. Nf3 d6 3. e3 e6 4. b3 Nf6 5. Bb2 Be7 6. d3 O-O 7. e4 Nbd7 8. Be2 a6 9. O-O b5 10. Nbd2 Bb7 11. Qe1 Qb6 12. Kh1 Rac8 13. Qf2 Ng4 14. Qg1 c4 15. Bd4 Qc6 16. h3 Ngf6 17. Nh2 Nh5 18. Bxh5 g6 19. Bf3 Qc7 20. Qf2 Qd8 21. Ng4 Bh4 22. g3 Be7 23. Nh6# 1-0

[Event "Live Chess"]
[Site "Chess.com"]
[Date "2023.05.21"]
[Round "-"]
[White "Tilbs_12"]
[Black "SupremeTactician"]
[Result "0-1"]
[WhiteElo "1582"]
[BlackElo "2230"]
[TimeControl "300"]
[EndTime "4:20:45 PDT"]
[Termination "SupremeTactician won by checkmate"]

1. e4 e5 2. Nf3 Nc6 3. c3 d5 4. exd5 Qxd5 5. d4 exd4 6. Nxd4 Nxd4 7. Qxd4 Qxd4 8. cxd4 Bb4+ 9. Bd2 Bxd2+ 10. Nxd2 Be6 11.
Nf3 O-O-O 12. O-O-O Bxa2 13. Kc2 Nf6 14. b3 Ne4 15.
Ra1 Nxf2 16. Rg1 Bxb3+ 17. Kxb3 a6 18. Bc4 f6 19. Rgf1 Ng4 20. h3 Ne3 21. Rg1 Rhe8 22. g4 Nxc4 23. Kxc4 b5+ 24. Kb4 Re3 25. Rgf1 Kb7 26.
Rac1 Kb6 27. Rc3 Rde8 28. d5 R8e4+ 29. Kb3 a5 30. Nh4 Rb4+ 31. Kc2 Re2+ 32. Kd3 Rbb2 33. Nf3 b4 34. Rc6+ Kb7 35. Rfc1 Rf2 36. Rxc7+ Kb6 37.
Ke4 Rbe2+ 38. Kf4 g5+ 39. Kg3 Rg2# 0-1

[Event "Live Chess"]
[Site "Chess.com"]
[Date "2023.05.21"]
[Round "-"]
[White "defenderalist"]
[Black "CheckThis4"]
[Result "0-1"]
[WhiteElo "1651"]
[BlackElo "2506"]
[TimeControl "300"]
[EndTime "4:20:46 PDT"]
[Termination "CheckThis4 won by resignation"]

1. e4 d5 2. exd5 Nf6 3. Nc3 Nxd5 4. Nxd5 Qxd5 5. Nf3 Nc6 6. Be2 Bg4 7. O-O O-O-O 8. h3 h5 9. c4 Qd6 10. d4 Bxf3 11.
Bxf3 Nxd4 12. Be3 Nxf3+ 13. Qxf3 Qf6 14. Qg3 e6 15. b4 Bd6 16. f4 Bxb4 17. Rfb1 Bc3 18.
Qf3 c6 19. Bxa7 Bxa1 20. Rxa1 Qxa1+ 0-1